 Dungeon Sprint DCSS version 0.30-a0-632-g346586fe48 (webtiles) character file.

Game seed: 6991841990494467610

728 Darkkill the Basher (level 7, -4/50 HPs)
             Began as a Minotaur Wanderer on Jan 13, 2023.
             Was an Initiate of Gozag.
             Slain by a sixfirhy (12 damage)
             ... summoned by a kobold demonologist
             ... in the Dungeon (Sprint VII: "The Pits").
             The game lasted 00:02:32 (469 turns).

Darkkill the Basher (Minotaur Wanderer)              Turns: 469, Time: 00:02:33

Health: -4/50      AC: 11    Str: 18    XL:     7   Next: 44%
Magic:  13/13      EV:  8    Int: 15    God:    Gozag
Gold:   215        SH:  0    Dex:  8    Spells: 15/15 levels left

rFire   . . .      SeeInvis .    k - +8 falchion of Liekheux {heavy, rPois Int+4 Stlth+}
rCold   . . .      Faith    .    (no shield)
rNeg    . . .      Spirit   .    p - +3 chain mail
rPois   +          Reflect  .    (helmet restricted)
rElec   .          Harm     .    (no cloak)
rCorr   .          Rampage  .    (no gloves)
Will    .....      NoTele   +    (no boots)
Stlth   +                        (no amulet)
HPRegen 0.28/turn                (no ring)
MPRegen 0.13/turn                (no ring)

@: spiked
A: horns 2, retaliatory headbutt
a: Renounce Religion, Potion Petition, Call Merchant, Bribe Branch


You were in the Dungeon.
You worshipped Gozag.
Gozag was aware of your devotion.
You visited 1 branch You collected 1188 gold pieces.
You spent 561 gold pieces at shops.
You paid 412 gold pieces to Gozag.

Inventory:

Hand Weapons
 k - the +8 falchion of Liekheux (weapon) {heavy, rPois Int+4 Stlth+}
   (You bought it in a shop in the Dungeon)

   Int:       It affects your intelligence (+4).
   rPois:     It protects you from poison.
   Stlth:     It makes you more stealthy.
Missiles
 l - 10 stones
 o - a curare-tipped dart {=f !f}
Armour
 p - a +3 chain mail (worn)
Wands
 b - a wand of flame (7) (quivered)
Scrolls
 c - a scroll of teleportation
 m - 5 scrolls of amnesia
 n - a scroll of butterflies
Potions
 a - 2 potions of invisibility
 e - 6 potions of curing {@q1}
 g - a potion of haste
 h - 4 potions of magic
 i - 2 potions of berserk rage


   Skills:
 + Level 8.8 Maces & Flails
 + Level 7.3 Dodging
 + Level 6.1 Stealth
 + Level 4.7 Spellcasting
 + Level 5.3 Translocations
 + Level 6.4 Evocations


You had 15 spell levels left.
You didn't know any spells.
Your spell library contained the following spells:

 Spells                   Type           Power      Damage    Failure   Level
 Blink                    Tloc           38%        N/A       43%         2
 Momentum Strike          Conj/Tloc      22%        3d8       80%         2


Dungeon Overview and Level Annotations

Branches:
Dungeon (1/1)

Altars:
Ashenzari
Cheibriados
Dithmenos
Elyvilon
Fedhas
Gozag
Hepliaklqana
Kikubaaqudgha
Makhleb
Nemelex Xobeh
Okawaru
Qazlal
Ru
Sif Muna
Trog
Uskayaw
Vehumet
Wu Jian
Xom
Yredelemnul
Zin
The Shining One
Jiyva
Lugonu

Shops:
D (


Innate Abilities, Weirdness & Mutations

You have a pair of horns on your head.
You reflexively headbutt those who attack you in melee.


Message History

a +2 quarterstaff; a +0 club
There is an entrance to Nallo's Antique Weapon Shop here.
You no longer have enough gold to petition Gozag for potion effects.
k - the +8 falchion of Liekheux {heavy, rPois Int+4 Stlth+} Thank you for shopping at Nallo's Antique Weapon Shop!
You feel magic returning to you.
You feel clever.
k - the +8 falchion of Liekheux (weapon)
{heavy, rPois Int+4 Stlth+} You drop the +4 broad axe "Qits" {antimagic, rF+ Will- Str+5}.
You start resting.
HP restored.
There is an open door here.
Things that are here:
a +2 quarterstaff; a +0 club You start resting.
Magic restored.
There is an open door here.
You open the door.
A river rat, 4 kobold brigands, 2 kobold demonologists and a guardian mummy come into view.
A kobold brigand is wielding a +0 short sword and quivering poisoned darts.
A kobold brigand is wielding a +0 whip and quivering poisoned darts.
A kobold brigand is wielding a +0 short sword and quivering curare-tipped darts.
A kobold brigand is wielding a +0 dagger and quivering poisoned darts.
The kobold demonologist shouts!
The kobold brigand shouts! x3
The kobold demonologist shouts!
The kobold demonologist miscasts a cantrip.
The kobold brigand barely misses you.
There is an open door here.
You hit the kobold brigand.
The kobold brigand is lightly wounded.
The kobold brigand closely misses you. The kobold brigand barely misses you.
You hit the kobold brigand.
The kobold brigand is heavily wounded.
The kobold brigand throws a poisoned dart.
The poisoned dart closely misses you.
The kobold brigand hits you with a +0 whip.
You barely miss the kobold brigand.
The kobold brigand is heavily wounded.
The kobold brigand hits you with a +0 short sword.
The kobold brigand closely misses you. The kobold brigand barely misses you.
The kobold brigand hits you but does no damage.
You barely miss the kobold brigand.
The kobold demonologist casts a spell.
The kobold brigand hits you with a +0 short sword.
The kobold brigand closely misses you.
The kobold brigand hits you with a +0 whip!
The kobold brigand hits you with a +0 short sword.
You barely miss the kobold brigand.
The kobold brigand hits you but does no damage.
The kobold brigand misses you. You furiously retaliate!
You headbutt the kobold brigand!
The kobold demonologist gestures wildly while chanting.
You slash the kobold brigand!
You kill the kobold brigand!
Your Stealth skill increases to level 6!
You miss the kobold demonologist.
The kobold demonologist barely misses you.
You furiously retaliate!
You headbutt the kobold demonologist!
The kobold brigand throws a curare-tipped dart.
The curare-tipped dart barely misses you.
You feel much better.
The kobold demonologist casts a cantrip, but nothing happens.
The guardian mummy hits you!
Blink to where?
Press: ? - help, Q - select action, (/) - cycle Dir - move target
As you read the scroll of blinking, it crumbles to dust.
The kobold demonologist casts a spell.
The crimson imp shouts!
The kobold demonologist hits you but does no damage.
The red devil hits you with a +0 trident.
Barbed spikes become lodged in your body.
You closely miss the kobold demonologist.
Your headbutt misses the kobold demonologist.
The kobold demonologist is moderately wounded.
The crimson imp blinks!
The kobold demonologist closely misses you.
The red devil hits you with a +0 trident!
Barbed spikes become lodged in your body.
The kobold demonologist closely misses you.
You feel much better. The red devil barely misses you.
The kobold demonologist hits you but does no damage.
You barely miss the kobold demonologist.
The kobold demonologist is moderately wounded.
The red devil hits you with a +0 trident.
Barbed spikes become lodged in your body.
The kobold demonologist barely misses you.
The red devil hits you with a +0 trident!
Barbed spikes become lodged in your body.
The kobold demonologist casts a spell.
You feel much better.
The sixfirhy hits you but does no damage.
The sixfirhy hits you. The sixfirhy shocks you!
The red devil barely misses you.
The kobold demonologist hits you but does no damage.
The sixfirhy hits you! The sixfirhy shocks you!
* * * LOW HITPOINT WARNING * * *
You barely miss the kobold demonologist.
The kobold demonologist is moderately wounded.
The sixfirhy hits you.
* * * LOW HITPOINT WARNING * * *
The sixfirhy shocks you!
You die...
Your body crumbles into a pile of gold.

#)#........##.......#
#'###########.......#
#.......#..##########
#...#...#.# ####
#...#...#)#....#
#.##∩##.#'#K...#
#...#...#KKr..K+
#...#.34#5#K...#
#......@KM# K..#
########### ###


You could see a guardian mummy, a kobold demonologist, a sixfirhy (summoned), a
red devil (summoned), 2 kobold brigands, a quasit (summoned) and a river rat.

Vanquished Creatures
  A vampire mosquito (D)
  A floating eye (D)
  An ogre (D)
  A wolf (D)
  2 kobold brigands (D)
  A bullfrog (D)
  2 crimson imps (D)
  Jessica (D)
  An orc wizard (D)
  An adder (D)
  A bat skeleton (D)
  A giant cockroach (D)
  A goblin (D)
  2 quokkas (D)
  A ball python (D)
  A bat (D)
  A frilled lizard (D)
  A jackal skeleton (D)
  A rat (D)
22 creatures vanquished.

Notes
Turn   | Place    | Note
-------+----------+-------------------------------------------
     0 | D        | Darkkill the Minotaur Wanderer began the quest for the Orb.
     0 | D        | Darkkill set off with the following items: a +2 mace, a
                  | wand of flame (7), a scroll of teleportation, a +0 leather
                  | armour, a potion of curing {@q1}, a potion of heal wounds,
                  | a potion of haste, 2 potions of magic, a potion of berserk
                  | rage, a scroll of blinking; and the following spells
                  | available to memorise: Blink, Momentum Strike.
     0 | D        | Reached XP level 1. HP: 14/14 MP: 1/1
    50 | D        | Found a bloodstained altar of Trog.
    50 | D        | Found a shimmering blue altar of Sif Muna.
    50 | D        | Found a viscous altar of Jiyva.
    50 | D        | Found a hazy altar of Hepliaklqana.
    50 | D        | Found an opulent altar of Gozag.
    51 | D        | Found a glowing golden altar of the Shining One.
    51 | D        | Found a glowing silver altar of Zin.
    51 | D        | Found a basalt altar of Yredelemnul.
    51 | D        | Found a shimmering altar of Xom.
    51 | D        | Found an ornate altar of the Wu Jian Council.
    51 | D        | Found a sacrificial altar of Ru.
    51 | D        | Found a stormy altar of Qazlal.
    51 | D        | Found an iron altar of Okawaru.
    51 | D        | Found a sparkling altar of Nemelex Xobeh.
    51 | D        | Found a burning altar of Makhleb.
    51 | D        | Found a blossoming altar of Fedhas.
    51 | D        | Found a white marble altar of Elyvilon.
    51 | D        | Found a shadowy altar of Dithmenos.
    51 | D        | Found a snail-covered altar of Cheibriados.
    53 | D        | Found a radiant altar of Vehumet.
    53 | D        | Found a corrupted altar of Lugonu.
    54 | D        | Found a hide-covered altar of Uskayaw.
    54 | D        | Found an ancient bone altar of Kikubaaqudgha.
    54 | D        | Found a broken altar of Ashenzari.
    58 | D        | Became a worshipper of Gozag Ym Sagoz the Greedy
    77 | D        | Reached skill level 4 in Maces & Flails
    77 | D        | Reached XP level 2. HP: 13/20 MP: 3/3
   117 | D        | Noticed a floating eye
   121 | D        | Killed a floating eye
   122 | D        | Reached skill level 5 in Maces & Flails
   122 | D        | Reached XP level 3. HP: 26/26 MP: 3/5
   122 | D        | Reached XP level 4. HP: 33/33 MP: 3/6
   156 | D        | Noticed a kobold brigand
   180 | D        | Killed a kobold brigand
   181 | D        | Reached skill level 6 in Maces & Flails
   181 | D        | Reached XP level 5. HP: 19/38 MP: 8/8
   263 | D        | Noticed an ogre
   263 | D        | Noticed a wolf
   264 | D        | Noticed Jessica
   272 | D        | Reached skill level 5 in Dodging
   274 | D        | Killed a wolf
   275 | D        | Reached skill level 7 in Maces & Flails
   275 | D        | Reached skill level 5 in Evocations
   275 | D        | Reached XP level 6. HP: 45/45 MP: 8/10
   280 | D        | Reached skill level 5 in Stealth
   285 | D        | Reached skill level 8 in Maces & Flails
   285 | D        | Killed Jessica
   306 | D        | Bought a smoking broad axe for 297 gold pieces
   306 | D        | Identified the +4 broad axe "Qits" {antimagic, rF+ Will-
                  | Str+5} (You bought it in a shop in the Dungeon)
   317 | D        | Noticed a vampire mosquito
   332 | D        | Killed a vampire mosquito
   333 | D        | Reached skill level 5 in Translocations
   333 | D        | Reached XP level 7. HP: 50/50 MP: 4/12
   387 | D        | Bought a smoking falchion for 264 gold pieces
   387 | D        | Identified the +8 falchion of Liekheux {heavy, rPois Int+4
                  | Stlth+} (You bought it in a shop in the Dungeon)
   452 | D        | Noticed a kobold demonologist
   452 | D        | Noticed a kobold demonologist
   452 | D        | Noticed a guardian mummy
   464 | D        | Noticed a red devil
   468 | D        | Noticed a sixfirhy
   469 | D        | HP: 8/50 [sixfirhy[a kobold demonologist] (6)]
   469 | D        | Slain by a sixfirhy

Illustrated notes

Levels and vault maps discovered:
D:        pitsprint [storerooms_1, entrance_room_1, metal_vault_1, armoury_1,
          mini_pit_1, grid_room_1, main_hall_1, silver_pit, the_coven_1,
          the_vestibule_1, steel_vault_5, golden_pit, hallway_of_sentries,
          crystal_vault_1, iron_vault_4, final_vault]

Skill      XL: |  1  2  3  4  5  6  7 |
---------------+----------------------+-----
Maces & Flails | 4 5 6 7 8 |  8.8
Dodging        | 2 4 5 6 7 |  7.3
Evocations     | 2 3 4 5 6 |  6.4
Stealth        | 3 4 5 6 |  6.1
Spellcasting   | 2 3 4 |  4.7
Translocations | 3 4 5 |  5.3

Action                   |  1- 3 |  4- 6 |  7- 9 || total
-------------------------+-------+-------+-------++-------
Melee: Quarterstaff      |     7 |    30 |       ||    37
       Mace              |     3 |       |       ||     3
       Headbutt          |     2 |     5 |       ||     7
       Broad axe         |       |    12 |    17 ||    29
       Falchion          |       |       |    10 ||    10
Invok: Call Merchant     |       |     1 |       ||     1
  Use: Potion            |       |     4 |     3 ||     7
       Scroll            |       |       |     1 ||     1
 Stab: Distracted        |       |     1 |     1 ||     2
Armor: Leather armour    |     4 |     4 |       ||     8
       Chain mail        |       |    17 |    14 ||    31
Dodge: Dodged            |     4 |    27 |    25 ||    56

Table legend: (Time is in decaauts)
 A = Elapsed time spent in this place.
 B = Non-inter-level travel time spent in this place.
 C = Inter-level travel time spent in this place.
 D = Time resting spent in this place.
 E = Time spent auto-exploring this place.
 F = Levels seen in this place.
 G = Mean time per level.
                   A        B        C        D        E       F      G
               +--------+--------+--------+--------+--------+-----+--------+
         Total |    497 |    472 |     25 |    116 |      4 |   1 |  497.0 |
       Dungeon |    497 |    472 |     25 |    116 |      4 |   1 |  497.0 |
               +--------+--------+--------+--------+--------+-----+--------+

Top non-repeatable levels by time:
       D: 497 daAuts

Table legend:
 A = Kills in this place as a percentage of kills in entire the game.
 B = Kills by you in this place as a percentage of kills by you in the entire game.
 C = Kills by friends in this place as a percentage of kills by friends in the entire game.
 D = Other kills in this place as a percentage of other kills in the entire game.
 E = Experience gained in this place as a percentage of experience gained in the entire game.
 F = Experience gained in this place divided by the number of levels of this place that you have seen.
                   A       B       C       D       E      F
               +-------+-------+-------+-------+-------+----------------------
         Total | 100.0 | 100.0 |   N/A |   N/A | 100.0 | 1041.0
       Dungeon | 100.0 | 100.0 |   N/A |   N/A | 100.0 | 1041.0
               +-------+-------+-------+-------+-------+----------------------
